Map: New Repugnancy LE

Players

EluSivE - Winner!

  • Race: Zerg Zerg
  • League: Platinum
  • Spawn Location: 7:00

Smeeeger

  • Race: Zerg Zerg
  • League: Platinum
  • Spawn Location: 1:00

VOD

Have the link to the VOD?

Description

Time

  • Played on: July 21, 2019, 7:18 a.m.
  • Length: 4:10
Show
View Real Time Build Order
Export as new Build Order

EluSivE Zerg - Winner!

Build Orders: Hatch First 

Get SALT Encoding   

  12  0:01  Drone  
  13  0:08  Drone  
  14  0:18  Drone, Extractor x2  
  13  0:22  Drone  
  13  0:28  Overlord  
  16  0:51  Hatchery  
  15  1:02  Extractor  
  14  1:05  Spawning Pool  
  14  1:09  Drone  
  14  1:14  Drone  
  14  1:17  Drone  
  16  1:21  Drone  
  17  1:31  Drone  
  18  1:52  Queen  
  20  1:56  Overlord  
  20  2:03  Queen  
  20  2:06  Metabolic Boost  
  22  2:15  Overlord  
  22  2:51  Spine Crawler  
  22  2:58  Spine Crawler  
  20  3:14  Zergling x2  
  20  3:15  Zergling x22  
  32  3:36  Overlord  
  32  3:44  Zergling x2  
  32  3:45  Zergling x14  
Show
View Real Time Build Order
Export as new Build Order

Smeeeger Zerg 

Build Orders: Hatch First 

Get SALT Encoding   

  12  0:03  Drone  
  13  0:15  Overlord  
  13  0:19  Drone  
  14  0:33  Drone x2  
  16  0:38  Drone  
  17  0:48  Drone  
  18  0:58  Hatchery  
  18  1:00  Drone  
  18  1:02  Extractor  
  17  1:15  Spawning Pool  
  16  1:20  Drone  
  16  1:23  Drone  
  18  1:33  Drone  
  19  1:42  Overlord  
  19  2:02  Queen  
  19  2:03  Zergling x4  
  23  2:10  Queen  
  23  2:11  Zergling x2  
  26  2:20  Drone  
  26  2:22  Metabolic Boost  
  27  2:29  Drone  
  28  2:33  Drone  
  29  2:44  Drone, Overlord  
  30  2:46  Queen  
  32  2:56  Overlord x2  
  32  3:04  Roach Warren  
  32  3:05  Drone, Evolution Chamber  
  31  3:09  Drone  
  32  3:17  Drone x3  
  35  3:27  Drone x4  
  39  3:35  Drone x3  
  42  3:44  Spine Crawler  
  42  3:46  Zergling x4  
Tags
 
Add a new tag
Caveats
  • Supply blocks, unpowered buildings, or Contaminate may cause inaccurate times.
  • Supply counts are checked every 10 seconds.